 Dungeon Crawl Stone Soup version 0.29.1-2-gbd0b4ee654 (webtiles) character file.

Game seed: 9922630143400376209

12404 ryuk03 the Severer (level 11, -5/89 HPs)
             Began as a Minotaur Berserker on Nov 14, 2022.
             Was an Elder of Trog.
             Succumbed to Nessos's poison
             ... on level 12 of the Dungeon.
             The game lasted 00:58:19 (10590 turns).

ryuk03 the Severer (Minotaur Berserker)            Turns: 10590, Time: 00:58:20

Health: -5/89      AC: 24    Str: 37    XL:     11   Next: 62%
Magic:  10/10      EV: 10    Int:  4    God:    Trog [****..]
Gold:   205        SH:  0    Dex: 11    Spells: 10/10 levels left

rFire   + . .      SeeInvis .   l - +1 battleaxe (freeze)
rCold   + . .      Faith    .   (shield currently unavailable)
rNeg    + . .      Spirit   .   g - +8 chain mail "Evetz" {rN+}
rPois   .          Reflect  .   (helmet unavailable)
rElec   .          Harm     .   q - scarf {rC+ rF+}
rCorr   .          Rampage  .   d - +0 pair of gloves
Will    .....                   b - +0 pair of boots
Stlth   ..........              G - amulet of regeneration
HPRegen 1.04/turn               F - +6 ring of strength
MPRegen 0.12/turn               w - +6 ring of strength

@: lethally poisoned (-5 -> -43), on berserk cooldown, slowed, unable to read,
very slow
A: horns 3, retaliatory headbutt, iridescent scales 1, frail 1, inability to
read after injury 2
a: Renounce Religion, Berserk, Trog's Hand, Brothers in Arms


You were on level 12 of the Dungeon.
You worshipped Trog.
Trog was greatly pleased with you.
You visited 1 branch of the dungeon, and saw 11 of its levels.

You collected 345 gold pieces.
You spent 140 gold pieces at shops.

Inventory:

Hand Weapons
 l - a +1 battleaxe of freezing (weapon)
Armour
 b - a +0 pair of boots (worn)
 d - a +0 pair of gloves (worn)
 g - the +8 chain mail "Evetz" (worn) {rN+}
   (You found it on level 11 of the Dungeon)

   rN:        It protects you from negative energy.
 m - a +1 plate armour
 p - +0 acid dragon scales
 q - a scarf of resistance (worn)
 u - +0 steam dragon scales
 x - a +0 cloak
Jewellery
 n - a ring of positive energy
 r - a ring of protection from fire
 w - a +6 ring of strength (right hand)
 D - the ring "Ashesatt" {rPois rC- rN+++ Will+ Int-3}
   (You found it on level 10 of the Dungeon)

   [ring of willpower]

   Int:       It affects your intelligence (-3).
   rC:        It makes you vulnerable to cold.
   rPois:     It protects you from poison.
   rN:        It renders you almost immune to negative energy.
   Will:      It increases your willpower.
 F - a +6 ring of strength (left hand)
 G - an amulet of regeneration (around neck)
 H - a ring of flight
 I - a +6 ring of dexterity
 J - an amulet of the acrobat
Wands
 y - a wand of paralysis (10) (quivered)
 A - a wand of iceblast (23)
Scrolls
 a - 5 scrolls of fog
 c - a scroll of brand weapon
 e - 3 scrolls of magic mapping
 k - 2 scrolls of fear
 o - 4 scrolls of silence
 s - 3 scrolls of teleportation
 v - a scroll of vulnerability
 C - a scroll of noise
 K - a scroll of enchant armour
 L - 3 scrolls of immolation
Potions
 f - 4 potions of degeneration
 h - 6 potions of curing
 i - 3 potions of might
 t - a potion of magic
 z - a potion of brilliance
 B - a potion of flight
 E - 2 potions of cancellation
 M - a potion of invisibility
 N - a potion of ambrosia {unknown}


   Skills:
 + Level 10.0 Fighting
 + Level 18.0 Axes
 + Level 9.6 Armour
 - Level 2.1 Dodging


You had 10 spell levels left.
You didn't know any spells.
Your spell library was empty.

Dungeon Overview and Level Annotations

Branches:
Dungeon (12/15)            Temple (0/1) D:6             Orc (0/2) D:10
   Lair: D:8-11

Altars:
Ashenzari
Kikubaaqudgha
Wu Jian

Shops:
D:4 !   D:5 (!   D:11 (

Annotations:
D:8 Maurice
D:12 Nessos


Innate Abilities, Weirdness & Mutations

You have a pair of large horns on your head.
You reflexively headbutt those who attack you in melee.
You are partially covered in iridescent scales. (AC +2)
You are frail. (-10% HP)
You sometimes lose the ability to read scrolls when taking damage.


Message History

You feel very sick.
Nessos shoots an arrow.
The arrow hits you but does no damage.
A red film seems to cover your vision as you go berserk!
You feel yourself moving faster!
You feel mighty!
You feel very sick.
Nessos shoots an arrow.
The arrow hits you!!
You feel threatened and lose the ability to read scrolls!
The arrow burns you.
Nessos casts a spell.
Nessos blinks!
You feel a strong urge to attack something.
You feel sick.
Nessos shoots an arrow.
The arrow hits you! The arrow burns you.
You are more poisoned.
You feel very sick.
Nessos shoots an arrow.
The arrow hits you!
You are more poisoned.
You feel your anger nearly subside.
You feel very sick.
Nessos unwields a +2 longbow of flaming.
It stops flaming.
Nessos hits you but does no damage. Nessos closely misses you.
Nessos mumbles some strange words.
Nessos blinks!
You are no longer berserk.
You are exhausted.
You feel yourself slow down.
You feel very sick.
Nessos casts a spell.
Nessos blinks!
You feel much better.
You feel extremely sick.
Nessos wields a +2 longbow of flaming.
It bursts into flame!
Nessos shoots an arrow.
The arrow hits you. The arrow burns you.
You are more poisoned.
Nessos shoots an arrow.
The arrow hits you!!
* * * LOW HITPOINT WARNING * * *
The arrow burns you.
You are more poisoned.
* * * LOW HITPOINT WARNING * * *
You die...

###### ##....#
##########.....#
...........#.### ######
############.# #####....#
#.###........#
#####...c@.##....#
########).:......###....#
..........##.##### ######
...#########.# ..## #.#
### ###.# .....# # .. ##.
######.#### . #######


You could see Nessos (fast, empowered).

Vanquished Creatures
  A boulder beetle (D:11)
  4 two-headed ogres
  A cyclops (D:11)
  A manticore (D:11)
  2 ugly things
  A gargoyle (D:11)
  Maggie (D:6)
  Grinder (D:4)
  2 wraiths (D:11)
  7 yaks (D:11)
  A basilisk (D:12)
  8 vampire mosquitoes
  A steam dragon (D:6)
  3 acid dragons
  A water moccasin (D:8)
  2 orc warriors
  An ice beast (D:5)
  5 ogres
  A black bear (D:6)
  4 centaurs
  A phantom (D:6)
  4 bullfrogs
  A gnoll sergeant (D:10)
  A scorpion (D:6)
  14 wights
  16 killer bees
  8 howler monkeys
  A hound (D:6)
  6 jellies
  2 orc priests
  A gnoll bouda (D:5)
  Natasha (twice) (D:2)
  5 iguanas
  6 orc wizards
  6 adders
  9 gnolls
  2 shadow imps
  A white imp (D:5)
  A worm (D:3)
  3 dart slugs
  32 orcs
  7 ball pythons
  A bat (D:2)
  3 endoplasms (D:3)
  4 giant cockroaches
  11 goblins
  7 hobgoblins
  8 jackals
  10 kobolds
  5 quokkas (D:3)
  3 frilled lizards
  4 rats
  4 bushes (D:10)
237 creatures vanquished.

Vanquished Creatures (others)
  A bush (D:10)
  30 plants (D:3)
31 creatures vanquished.

Grand Total: 268 creatures vanquished

Notes
Turn   | Place    | Note
-------+----------+-------------------------------------------
     0 | D:1      | ryuk03 the Minotaur Berserker began the quest for the Orb.
     0 | D:1      | Reached XP level 1. HP: 19/19 MP: 0/0
    39 | D:1      | Reached skill level 4 in Axes
   224 | D:1      | Reached XP level 2. HP: 26/26 MP: 1/1
   665 | D:1      | Reached skill level 5 in Axes
  1186 | D:1      | Reached XP level 3. HP: 31/31 MP: 2/2
  1319 | D:1      | Found a faded altar of an unknown god.
  2020 | D:2      | Noticed Natasha
  2029 | D:2      | Killed Natasha
  2030 | D:2      | Reached skill level 6 in Axes
  2030 | D:2      | Reached XP level 4. HP: 39/39 MP: 3/3
  2071 | D:2      | Reached ** piety under Trog
  2118 | D:2      | Noticed Natasha
  2126 | D:2      | Killed Natasha
  2591 | D:3      | Found an ancient bone altar of Kikubaaqudgha.
  2602 | D:3      | Reached skill level 7 in Axes
  2602 | D:3      | Reached XP level 5. HP: 45/45 MP: 4/4
  3103 | D:4      | Noticed an orc warrior
  3269 | D:4      | Noticed an ogre
  3269 | D:4      | Found Keigegg's Distillery.
  3271 | D:4      | Killed an ogre
  3272 | D:4      | Reached skill level 8 in Axes
  3272 | D:4      | Reached XP level 6. HP: 51/51 MP: 5/5
  3315 | D:4      | Bought a potion of heal wounds for 70 gold pieces
  3315 | D:4      | Bought a potion of heal wounds for 70 gold pieces
  3368 | D:4      | Killed an orc warrior
  3369 | D:4      | Reached skill level 9 in Axes
  3908 | D:4      | Noticed Grinder
  3917 | D:4      | Killed Grinder
  3918 | D:4      | Reached skill level 10 in Axes
  3918 | D:4      | Reached XP level 7. HP: 57/57 MP: 6/6
  3961 | D:4      | Identified the +6 dagger "Dragon's Tongue" {vorpal, Will+
                  | Int+3}
  4041 | D:5      | Entered Level 5 of the Dungeon
  4285 | D:5      | Found Egiczean's Antique Weapon Emporium.
  4307 | D:5      | Found Lacymot's Distillery.
  4322 | D:5      | Reached skill level 11 in Axes
  4574 | D:5      | Reached XP level 8. HP: 64/64 MP: 7/7
  4580 | D:5      | Reached *** piety under Trog
  4748 | D:5      | Gained mutation: You are clumsy. (Dex -2) [potion of
                  | mutation]
  4748 | D:5      | Gained mutation: You have hidden genetic defects. [potion
                  | of mutation]
  4748 | D:5      | Gained mutation: Your muscles are strong. (Str +4, Int/Dex
                  | -1) [potion of mutation]
  4749 | D:5      | Lost mutation: You are clumsy. (Dex -2) [potion of
                  | mutation]
  4749 | D:5      | Lost mutation: Your muscles are strong. (Str +4, Int/Dex
                  | -1) [potion of mutation]
  4749 | D:5      | Gained mutation: You occasionally lose the ability to read
                  | scrolls when taking damage. [potion of mutation]
  4749 | D:5      | Gained mutation: You are partially covered in iridescent
                  | scales. (AC +2) [potion of mutation]
  4749 | D:5      | Gained mutation: You have a pair of large horns on your
                  | head. [potion of mutation]
  4810 | D:5      | Reached skill level 12 in Axes
  5070 | D:6      | Found a staircase to the Ecumenical Temple.
  5120 | D:6      | Gained mutation: You sometimes lose the ability to read
                  | scrolls when taking damage. [hidden defects]
  5175 | D:6      | Reached skill level 13 in Axes
  5221 | D:6      | Noticed Maggie
  5241 | D:6      | Killed Maggie
  5255 | D:6      | Gained mutation: You are frail. (-10% HP) [hidden defects]
  5255 | D:6      | Lost mutation: You have hidden genetic defects. [hidden
                  | defects expressed]
  5296 | D:6      | Reached skill level 14 in Axes
  5463 | D:6      | Reached XP level 9. HP: 52/63 MP: 8/8
  5911 | D:7      | Reached skill level 15 in Axes
  6776 | D:7      | Reached skill level 16 in Axes
  7104 | D:8      | Reached skill level 5 in Fighting
  7291 | D:8      | Identified the +1 pair of boots of Hucoph {Dex+4}
  7471 | D:8      | Reached XP level 10. HP: 70/72 MP: 9/9
  7508 | D:8      | Reached **** piety under Trog
  7688 | D:8      | Found an ornate altar of the Wu Jian Council.
  7759 | D:8      | Noticed Maurice
  7779 | D:8      | You fall into a shaft and drop 2 floors!
  7779 | D:10     | Entered Level 10 of the Dungeon
  7806 | D:10     | Reached skill level 5 in Armour
  8177 | D:10     | Identified the ring "Ashesatt" {rPois rC- rN+++ Will+
                  | Int-3}
  8499 | D:10     | Found a staircase to the Orcish Mines.
  9308 | D:10     | Noticed a two-headed ogre
  9319 | D:10     | Killed a two-headed ogre
  9360 | D:10     | Found a broken altar of Ashenzari.
  9443 | D:11     | Noticed a manticore
  9448 | D:11     | Killed a manticore
  9449 | D:11     | Reached skill level 17 in Axes
  9570 | D:11     | Identified the +8 chain mail "Evetz" {rN+}
  9599 | D:11     | Noticed a two-headed ogre
  9599 | D:11     | Noticed a boulder beetle
  9611 | D:11     | Killed a two-headed ogre
  9616 | D:11     | Killed a boulder beetle
  9617 | D:11     | Reached XP level 11. HP: 85/85 MP: 10/10
  9725 | D:11     | Found Gokiobanu's Weapon Boutique.
  9760 | D:11     | Noticed a red ugly thing
  9768 | D:11     | Killed a red ugly thing
 10183 | D:12     | Noticed a two-headed ogre
 10189 | D:12     | Killed a two-headed ogre
 10283 | D:12     | Noticed a white ugly thing
 10288 | D:12     | Killed a white ugly thing
 10381 | D:12     | Noticed a two-headed ogre
 10392 | D:12     | Killed a two-headed ogre
 10393 | D:12     | Reached skill level 18 in Axes
 10394 | D:12     | Reached skill level 10 in Fighting
 10579 | D:12     | Noticed Nessos
 10590 | D:12     | Succumbed to Nessos's poison

Illustrated notes

Levels and vault maps discovered:
D:1:      eino_arrival_druids_welcome, layout_loops_ring,
          shapermc_ecumenical_altar_mp_vishouse, kennysheep_doodads
D:2:      layout_loops_corners, kennysheep_generic_room_13, uniq_natasha
D:3:      wad_woods_stonehenge, layout_rooms
D:4:      layout_basic, serial_park_tiny_1, nicolae_stop_n_shop_2,
          minmay_misc_feat_columns, kennysheep_generic_room_4, uniq_grinder
D:5:      layout_basic, serial_shops, nicolae_square_shop, nicolae_shop_stone
D:6:      wad_pebble_path, layout_loops_corners,
          minmay_temple_entry_stoned_glass, uniq_maggie
D:7:      layout_basic
D:8:      layout_gridville, pdpol_wu_jian_five_deadly_venoms,
          minmay_diced_spiral, uniq_maurice
D:10:     layout_long_grid, marbit_many_paths, orc_0_dummy,
          nicolae_hexahallways, minmay_hedge_maze, minmay_misc_feat_iff,
          nicolae_benzene_ring
D:11:     layout_roguey, serial_shops, shop
D:12:     layout_rooms, uniq_nessos

Skill      XL: |  1  2  3  4  5  6  7  8  9 10 11 |
---------------+----------------------------------+-----
Axes           | 4 5 6 7 8 10 11 14 16 17 18 | 18.0
Fighting       | 5 8 10 | 10.0
Armour         | 4 7 9 |  9.6
Dodging        | |  2.1

Action                   |  1- 3 |  4- 6 |  7- 9 | 10-12 || total
-------------------------+-------+-------+-------+-------++-------
Melee: Hand axe          |    73 |   122 |       |       ||   195
       Headbutt          |     9 |    24 |    28 |    32 ||    93
       Punch             |       |     1 |       |       ||     1
       Battleaxe         |       |     8 |   204 |   184 ||   396
Invok: Berserk           |     2 |     5 |     5 |    10 ||    22
       Trog's Hand       |       |     1 |       |     1 ||     2
  Use: Scroll            |     3 |     7 |    10 |     4 ||    24
       Potion            |       |       |     2 |     2 ||     4
Armor: Animal skin       |     7 |       |       |       ||     7
       Scale mail        |     8 |    17 |       |       ||    25
       Plate armour      |       |     2 |    94 |    89 ||   185
       Chain mail        |       |       |       |    31 ||    31
Dodge: Dodged            |    34 |    39 |    67 |    69 ||   209
